 Dungeon Crawl Stone Soup version 0.25-a0-404-gc1b5a34292 (webtiles) character file.

Game seed: 1455764294765289739, levelgen mode: deterministic

3730 Karazaar the Geomancer (level 10, -3/57 HPs)
             Began as a Gargoyle Earth Elementalist on Jan 12, 2020.
             Was a Believer of Vehumet.
             Slain by a warg (5 damage)
             ... on level 8 of the Dungeon.
             The game lasted 00:31:35 (8396 turns).

Karazaar the Geomancer (GrEE)                       Turns: 8396, Time: 00:31:35

Health: -3/57      AC: 14    Str: 17    XL:     10   Next: 14%
Magic:  14/19      EV: 13    Int: 18    God:    Vehumet [**....]
Gold:   476        SH:  0    Dex: 10    Spells: 11/21 levels left

rFire    . . .     SeeInvis .   E - +5 rapier of the Sage {venom, *Drain rPois Str+4 Dex+2}
rCold    . . .     Gourm    .   (no shield)
rNeg     + . .     Faith    .   c - +0 robe
rPois    ∞         Spirit   .   (no helmet)
rElec    +         Reflect  .   s - +1 cloak
rCorr    .         Harm     .   (no gloves)
MR       .....                  g - +1 pair of boots
Stlth    +++.......             (no amulet)
HPRegen  0.19/turn              u - ring of stealth
MPRegen  0.16/turn              (no ring)

@: no status effects
A: rugged brown scales 1, blurry vision 1, clumsy 1, negative energy resistance
1, electricity resistance, unbreathing, petrification resistance, rot immunity,
AC +7
a: Renounce Religion


You were on level 8 of the Dungeon.
You worshipped Vehumet.
Vehumet was pleased with you.
You were hungry.

You visited 2 branches of the dungeon, and saw 9 of its levels.
You also visited: Ossuary.

You collected 476 gold pieces.

Inventory:

Hand Weapons
 a - a +1 morningstar
 e - a +1 mace of protection
 i - a +2 dagger of venom
 r - a +4 quarterstaff of chaos
 t - the +8 dagger of Jiler {holy, Int+3}
   (You found it on level 5 of the Dungeon)

   It has been blessed by the Shining One to cause great damage to the undead
   and demons.
   It affects your intelligence (+3).
 E - the +5 rapier of the Sage (weapon) {venom, *Drain rPois Str+4 Dex+2}
   (You found it on level 7 of the Dungeon)

   It poisons the flesh of those it strikes.
   It affects your strength (+4).
   It affects your dexterity (+2).
   It protects you from poison.
   It causes draining when unequipped.
Missiles
 b - 234 stones (quivered)
 y - a throwing net
 G - 8 silver javelins
Armour
 c - a +0 robe (worn)
 g - a +1 pair of boots (worn)
 s - a +1 cloak (worn)
Jewellery
 u - a ring of stealth (left hand)
Wands
 p - a wand of flame (18)
 J - a wand of paralysis (14)
Scrolls
 h - 2 scrolls of amnesia
 m - 6 scrolls of teleportation
 n - 7 scrolls of remove curse
 z - 2 scrolls of blinking
 C - a scroll of fog
 H - a scroll of immolation
 I - a scroll of silence
Potions
 f - a potion of ambrosia
 j - 3 potions of brilliance
 k - 4 potions of lignification
 l - a potion of cancellation
 q - 9 potions of curing
 v - a potion of might
 w - 2 potions of resistance
 x - 3 potions of magic
 A - a potion of berserk rage {unknown}
 B - a potion of flight {unknown}
 D - a potion of degeneration {unknown}
 K - a potion of heal wounds {unknown}
Comestibles
 d - 13 rations
 F - 3 chunks of flesh


   Skills:
 + Level 4.1 Fighting
 + Level 3.6 Maces & Flails
 + Level 4.0 Armour
 + Level 3.6 Dodging
 - Level 2.1 Stealth
 + Level 6.3 Spellcasting
 + Level 6.5 Conjurations
   Level 0.7 Transmutations
 + Level 8.6 Earth Magic
 + Level 3.4 Evocations


You had 11 spell levels left.
You knew the following spells:

 Your Spells              Type           Power        Failure   Level  Hunger
a - Sandblast             Erth           #####.       1%          1    None
b - Stone Arrow           Conj/Erth      ####..       1%          3    ##.....
c - Lee's Rapid Deconstr  Erth           #####.....   10%         5    #####..
d - Apportation           Tloc           #.....       12%         1    None

Your spell library contained the following spells:

 Spells                   Type           Power        Failure   Level  Hunger
 Magic Dart               Conj           ####         1%          1    None
 Passwall                 Tmut/Erth      ###.....     2%          2    None
 Animate Skeleton         Necr           N/A          12%         1    None
 Corona                   Hex            #......      12%         1    None
 Summon Small Mammal      Summ           #...         12%         1    None
 Petrify                  Tmut/Erth      ###.....     17%         4    ####...


Dungeon Overview and Level Annotations

Branches:
Dungeon (8/15)             Temple (1/1) D:6         Ossuary (visited)
   Lair: D:8-11

Altars:
Ashenzari
Cheibriados
Dithmenos
Elyvilon
Fedhas
Gozag
Hepliaklqana
Kikubaaqudgha
Makhleb
Nemelex Xobeh
Okawaru
Qazlal
Ru
Sif Muna
Trog
Uskayaw
Vehumet
Wu Jian
Xom
Yredelemnul
The Shining One

Shops:
D:8 *

Annotations:
D:7 2 transporters, ReteAZ's ghost, novice HuFi


Innate Abilities, Weirdness & Mutations

You are resistant to torment.
Your stone body is resilient. (AC +7)
You are immune to poison.
You resist negative energy. (rN+)
You are resistant to electric shocks. (rElec)
You can survive without breathing.
You are immune to petrification.
You are immune to rotting.
You are partially covered in rugged brown scales. (AC +1, +3% HP)
Scrolls take you a little longer to read.
You are clumsy. (Dex -2)


Message History

The warg is moderately wounded.
b - 236 stones The warg bites you but does no damage. x2
Casting: Sandblast (safe; 1% risk of failure)
Confirm with . or Enter, or press ? or * to list all spells.
Aiming: Sandblast (safe; 1% risk of failure)
Press: ? - help, Shift-Dir - straight line The blast of sand hits the warg!
The warg is severely wounded.
b - 235 stones The warg bites you!
* * * LOW HITPOINT WARNING * * *
Casting: Sandblast (safe; 1% risk of failure)
Confirm with . or Enter, or press ? or * to list all spells.
Aiming: Sandblast (safe; 1% risk of failure)
Press: ? - help, Shift-Dir - straight line The blast of sand misses the warg.
b - 234 stones The warg bites you.
You die...

#.###..................
#...(..................
#........######...#...#
#..._....# #...#####
##.......# #..÷#
#...?...# #.>.#
####..### #...# ##.#
#####.## #@# #.....#
#h# #.##### # #h# #.# #
#)# ##.########## #.#
#............ #.#
#....######## #.#
#....# ..#### #.#
#..<.#....... #.#
#....#...####


You could see a warg and a jackal.

Vanquished Creatures
  Grinder (D:4)
  Eustachio (D:4)
  A warg (D:8)
  Duvessa (D:7)
  2 orc warriors
  3 necrophages (D:7)
  An ice beast (D:7)
  2 black bears
  4 phantoms
  A centaur (D:8)
  Blork the orc (D:6)
  A wyvern zombie (Ossuary)
  A gnoll sergeant (D:5)
  Dowan (D:7)
  5 killer bees (D:7)
  A wight (D:7)
  2 bullfrog zombies (Ossuary)
  3 crimson imps
  2 jellies
  A quasit (D:8)
  3 centaur zombies (Ossuary)
  4 orc priests
  7 orc wizards
  A hound (D:7)
  Crazy Yiuf (D:3)
  A centaur skeleton (D:7)
  Terence (D:2)
  Ijyb (D:5)
  5 worker ants
  A killer bee zombie (Ossuary)
  2 hound zombies (Ossuary)
  14 mummies (Ossuary)
  6 worker ant zombies
  9 gnolls
  9 adders
  A howler monkey skeleton (D:5)
  3 adder zombies
  2 dart slugs
  2 leopard geckos (D:6)
  21 orcs
  2 ball pythons
  5 giant cockroaches
  8 goblins
  13 hobgoblins
  7 jackals
  2 quokkas
  13 bats
  2 frilled lizards
  A giant cockroach zombie (Ossuary)
  A goblin zombie (D:7)
  A jackal zombie (D:7)
  5 kobolds
  A leopard gecko zombie (Ossuary)
  A quokka zombie (D:7)
  9 rats
200 creatures vanquished.

Vanquished Creatures (others)
  A plant (D:8)
  A withered plant (Ossuary)
2 creatures vanquished.

Grand Total: 202 creatures vanquished

Notes
Turn   | Place    | Note
-------+----------+-------------------------------------------
     0 | D:1      | Karazaar the Gargoyle Earth Elementalist began the quest
                  | for the Orb.
     0 | D:1      | Reached XP level 1. HP: 10/10 MP: 3/3
   125 | D:1      | Reached XP level 2. HP: 13/15 MP: 5/5
   149 | D:1      | Reached skill level 4 in Earth Magic
   338 | D:1      | You fall into a shaft and drop 1 floor!
   493 | D:1      | You fall into a shaft and drop 1 floor!
   503 | D:2      | Found an iron altar of Okawaru.
   525 | D:2      | Reached XP level 3. HP: 19/19 MP: 4/7
   727 | D:2      | Learned a level 3 spell: Stone Arrow
   835 | D:1      | Reached XP level 4. HP: 23/24 MP: 8/8
  1244 | D:2      | Reached skill level 1 in Conjurations
  1421 | D:2      | Reached skill level 5 in Earth Magic
  1465 | D:2      | Reached XP level 5. HP: 17/28 MP: 6/10
  1472 | D:2      | Learned a level 5 spell: Lee's Rapid Deconstruction
  1645 | D:2      | Noticed Terence
  1652 | D:2      | Killed Terence
  2334 | D:3      | Found a runed translucent door.
  2335 | D:3      | Noticed Crazy Yiuf
  2340 | D:3      | Killed Crazy Yiuf
  2840 | D:4      | Reached XP level 6. HP: 16/32 MP: 7/11
  2928 | D:4      | Found an ancient bone altar of Kikubaaqudgha.
  3154 | D:4      | Noticed Grinder
  3161 | D:4      | Killed Grinder
  3161 | D:4      | Reached skill level 6 in Earth Magic
  3161 | D:4      | Reached XP level 7. HP: 27/36 MP: 9/13
  3168 | D:4      | Noticed Eustachio
  3176 | D:4      | Killed Eustachio
  3301 | D:4      | Found a glowing drain.
  3510 | D:4      | Reached skill level 5 in Spellcasting
  3510 | D:4      | Reached skill level 7 in Earth Magic
  3671 | D:5      | Entered Level 5 of the Dungeon
  3955 | D:5      | Got a dazzling dagger
  3956 | D:5      | Identified the +8 dagger of Jiler {holy, Int+3} (You found
                  | it on level 5 of the Dungeon)
  4031 | D:5      | Gained mutation: Scrolls take you a little longer to read.
                  | [potion of mutation]
  4031 | D:5      | Gained mutation: You are clumsy. (Dex -2) [potion of
                  | mutation]
  4031 | D:5      | Gained mutation: You are partially covered in rugged brown
                  | scales. (AC +1, +3% HP) [potion of mutation]
  4135 | D:5      | Noticed Ijyb
  4139 | D:5      | Killed Ijyb
  4139 | D:5      | Reached XP level 8. HP: 37/42 MP: 5/15
  5105 | D:6      | Reached skill level 1 in Fighting
  5105 | D:6      | Reached skill level 1 in Maces & Flails
  5105 | D:6      | Reached skill level 1 in Armour
  5124 | D:6      | Reached skill level 5 in Conjurations
  5124 | D:6      | Reached skill level 1 in Evocations
  5125 | D:6      | Found a bloodstained altar of Trog.
  5144 | D:6      | Found a staircase to the Ecumenical Temple.
  5162 | Temple   | Entered the Ecumenical Temple
  5239 | Temple   | Became a worshipper of Vehumet
  5719 | D:6      | Noticed Blork the orc
  5723 | D:6      | Killed Blork the orc
  5728 | D:6      | Found a shimmering blue altar of Sif Muna.
  5768 | D:6      | Learned a level 1 spell: Apportation
  5837 | D:7      | Noticed Duvessa
  5912 | D:7      | Noticed a troll
  5914 | D:7      | Found a transporter.
  5924 | D:7      | Noticed a moth of wrath
  5931 | D:7      | Noticed ReteAZ's ghost (novice HuFi)
  5948 | D:7      | Reached XP level 9. HP: 20/50 MP: 7/17
  5958 | D:7      | Found a bloodstained altar of Trog.
  6128 | D:7      | Found a transporter.
  6137 | D:7      | Reached skill level 8 in Earth Magic
  6168 | D:7      | Reached * piety under Vehumet
  6168 | D:7      | Offered knowledge of Freeze by Vehumet.
  6265 | D:7      | Found a sand-covered staircase.
  6273 | Ossuary  | Entered an ossuary
  6903 | Ossuary  | Reached ** piety under Vehumet
  6918 | Ossuary  | Offered knowledge of Magic Dart by Vehumet.
  7332 | D:7      | Got a fine rapier
  7333 | D:7      | Identified the +5 rapier of the Sage {venom, *Drain rPois
                  | Str+4 Dex+2} (You found it on level 7 of the Dungeon)
  7438 | D:7      | Noticed Dowan
  7439 | D:7      | Killed Dowan
  7441 | D:7      | Killed Duvessa
  7546 | D:7      | Reached XP level 10. HP: 25/57 MP: 19/19
  7989 | D:8      | Found Gozag's Platinum Reserve.
  7997 | D:8      | Found an opulent altar of Gozag.
  8315 | D:8      | Found a sparkling altar of Nemelex Xobeh.
  8395 | D:8      | HP: 2/57 [warg (7)]
  8396 | D:8      | Slain by a warg

Levels and vault maps discovered:
D:1:      minmay_arrival_wavy_path, layout_rooms, serial_glass, glass_columns_b,
          glass_columns_a
D:2:      layout_loops_cross, okawaru_trees_2, first_ration, uniq_terence
D:3:      layout_rooms, uniq_crazy_yiuf_cottage
D:4:      layout_loops_corners, kiku_gazebo_garden_becter, portal_sewer_entry_d,
          uniq_eustachio, uniq_grinder
D:5:      layout_layer_cave, uniq_ijyb
D:6:      layout_rooms, bloody_trog, tgw_sif,
          minmay_temple_entry_statues_fountains
D:7:      layout_basic, serial_undead, serial_undead_c, serial_undead_c,
          serial_undead_b, serial_undead_d, enter_ossuary_4,
          gammafunk_ghost_wrathful_warriors, uniq_duvessa
D:8:      layout_basic, nicolae_gozag_zags_fifth_avenue,
          erik_lair_orcish_takeover, basic_altar, special_room
          [special_room_orc]
Temple:   compressed_dpeg_circular_temple

Skill      XL: |  1  2  3  4  5  6  7  8  9 10 |
---------------+-------------------------------+-----
Earth Magic    | 4 5 6 7 8 |  8.6
Spellcasting   | 3 4 5 6 |  6.3
Conjurations   | 1 2 3 4 5 6 |  6.5
Fighting       | 2 3 4 |  4.1
Maces & Flails | 2 3 |  3.6
Armour         | 2 3 4 |  4.0
Dodging        | 2 3 |  3.6
Evocations     | 1 3 |  3.4
Stealth        | |  2.1
Transmutations | |  0.7

Action                   |  1- 3 |  4- 6 |  7- 9 | 10-12 || total
-------------------------+-------+-------+-------+-------++-------
Melee: Mace              |    72 |    37 |       |       ||   109
       Dagger            |       |   120 |   215 |       ||   335
       Rapier            |       |       |    19 |    26 ||    45
 Cast: Sandblast         |    12 |     7 |    67 |    11 ||    97
       Stone Arrow       |       |     2 |    11 |       ||    13
       Lee's Rapid Decon |       |       |     5 |     2 ||     7
       Apportation       |       |       |     2 |       ||     2
Evoke: Wand              |       |     7 |    15 |     2 ||    24
  Use: Scroll            |     4 |     8 |    13 |       ||    25
       Potion            |       |       |     5 |       ||     5
 Stab: Sleeping          |     3 |     2 |     4 |     1 ||    10
       Distracted        |     1 |       |     1 |       ||     2
  Eat: Chunk             |       |     7 |    14 |     2 ||    23
       Ration            |       |       |     1 |       ||     1
Armor: Robe              |    31 |    77 |   122 |    17 ||   247
Dodge: Dodged            |    70 |   107 |   141 |    28 ||   346

Table legend:
 A = Non-vault XP
 B = Vault XP
 C = Vault XP percentage of total XP
 D = Non-vault monster count
 E = Vault monster count
 F = Vault count percentage of total count
                 A         B        C        D         E       F
            +---------+---------+-------+---------+---------+-------
      Total |    2835 |    2494 |  46.8 |     146 |      54 |  27.0
            +---------+---------+-------+---------+---------+-------
        D:1 |      48 |       0 |   0.0 |      27 |       0 |   0.0
        D:2 |     123 |      38 |  23.6 |      26 |       1 |   3.7
        D:3 |      69 |      39 |  36.1 |      15 |       1 |   6.2
        D:4 |     276 |     482 |  63.6 |      19 |       3 |  13.6
        D:5 |     310 |      36 |  10.4 |      17 |       1 |   5.6
        D:6 |     627 |      96 |  13.3 |       9 |       1 |  10.0
        D:7 |    1080 |     662 |  38.0 |      21 |      10 |  32.3
        D:8 |     302 |     374 |  55.3 |      12 |       5 |  29.4
    Ossuary |       0 |     767 | 100.0 |       0 |      32 | 100.0
            +---------+---------+-------+---------+---------+-------
